 Dungeon Crawl Stone Soup version 0.27.1-34-g3ba077fa99 (webtiles) character file.

Game seed: 8553361467688196385

13 lordive the Conjurer (level 2, 2/15 HPs)
             Began as a Gargoyle Conjurer on Jan 20, 2022.
             Quit the game on level 1 of the Dungeon.
             The game lasted 00:01:25 (451 turns).

lordive the Conjurer (Gargoyle Conjurer)             Turns: 451, Time: 00:01:26

Health: 2/15       AC:  4    Str: 10    XL:     2   Next: 37%
Magic:  0/5        EV: 11    Int: 18    God:
Gold:   20         SH:  0    Dex:  8    Spells: 4/5 levels left

rFire    . . .     SeeInvis .   (no weapon)
rCold    . . .     Faith    .   (no shield)
rNeg     + . .     Spirit   .   a - +0 robe
rPois    ∞         Reflect  .   (no helmet)
rElec    +         Harm     .   (no cloak)
rCorr    .         Rampage  .   (no gloves)
Will     .....                  (no boots)
Stlth    ++........             (no amulet)
HPRegen  0.05/turn              (no ring)
MPRegen  0.09/turn              (no ring)

@: no status effects
A: sickness immunity, AC +2, negative energy resistance 1, electricity
resistance, torment resistance 1, petrification resistance
a: no special abilities


You were on level 1 of the Dungeon.
You visited 1 branch of the dungeon, and saw 1 of its levels.

You collected 20 gold pieces.

Inventory:

Armour
 a - a +0 robe (worn)


   Skills:
 + Level 1.6 Dodging
 + Level 2.2 Stealth
 + Level 2.0 Spellcasting
 + Level 4.9 Conjurations


You had 4 spell levels left.
You knew the following spells:

 Your Spells              Type           Power      Damage    Failure   Level
a - Magic Dart            Conj           76%        1d6       2%          1

Your spell library contained the following spells:

 Spells                   Type           Power      Damage    Failure   Level
 Searing Ray              Conj           38%        3d4       3%          2
 Dazzling Flash           Conj/Hex       20%        N/A       19%         3
 Fulminant Prism          Conj/Hex       5%         3d7       54%         4
 Iskenderun's Mystic Bla  Conj/Tloc      10%        2d4       54%         4


Dungeon Overview and Level Annotations

Branches:
Dungeon (1/15)

Altars:


Innate Abilities, Weirdness & Mutations

You are immune to sickness and miasma.
Your stone body is resilient. (AC +2)
You are immune to poison.
You resist negative energy. (rN+)
You are resistant to electric shocks. (rElec)
You are resistant to unholy torment.
You are immune to petrification.


Message History

The magic dart hits the ball python.
You kill the ball python!
The bat hits you but does no damage.
You see here 2 bubbling dark potions.
The jackal barely misses you. x2
The jackal barely misses you. The jackal closely misses you.
Casting: Magic Dart (safe; 2% risk of failure)
Confirm with . or Enter, or press ? or * to list all spells.
Aiming: Magic Dart (safe; 2% risk of failure)
Press: ? - help, Shift-Dir - straight line, f - jackal
Aim: a jackal (100% to hit)
The magic dart hits the jackal.
The jackal is heavily wounded.
The bat hits you but does no damage. The bat barely misses you.
The jackal bites you but does no damage.
The jackal bites you. The bat barely misses you.
The jackal bites you but does no damage.
The jackal bites you.
* * * LOW HITPOINT WARNING * * *
The jackal bites you but does no damage.
The jackal bites you.
* * * LOW HITPOINT WARNING * * *
The bat hits you but does no damage.
Casting: Magic Dart (safe; 2% risk of failure)
Confirm with . or Enter, or press ? or * to list all spells.
You don't have enough magic to cast this spell.
The bat closely misses you. The bat hits you but does no damage.
Casting: Magic Dart (safe; 2% risk of failure)
Confirm with . or Enter, or press ? or * to list all spells.
Aiming: Magic Dart (safe; 2% risk of failure)
Press: ? - help, Shift-Dir - straight line, f/p - jackal
Aim: a jackal (moderately wounded, 100% to hit)
The magic dart hits the jackal.
The jackal is severely wounded.
The bat barely misses you. x2; The jackal closely misses you.
The bat hits you but does no damage. The jackal barely misses you.
Are you sure you want to abandon this character and quit the game? (Confirm with "yes".)

#...#).......#.##
#..#.#.......#..# #+#
#.##.##....>.##.# #.#
#.#...#......##'######.#
#..###.......#.........#
#.#...#......#.........#
#.##.##bh.?..#.........#
#. #)#.h...!.#.........#
# #.@.....#.........#
#...........####.####.#
###....###### #.## #.#
###### #..# #.# ##.###.#
#..##.# ##.##.# #.##..
#..#.#


You could see 2 jackals and a bat.

Vanquished Creatures
  An endoplasm (D:1)
  3 giant cockroaches (D:1)
  2 hobgoblins (D:1)
  A kobold (D:1)
  A quokka (D:1)
  A ball python (D:1)
  A frilled lizard (D:1)
  A goblin (D:1)
11 creatures vanquished.

Notes
Turn   | Place    | Note
-------+----------+-------------------------------------------
     0 | D:1      | lordive the Gargoyle Conjurer began the quest for the Orb.
     0 | D:1      | Reached XP level 1. HP: 10/10 MP: 3/3
   251 | D:1      | Found a faded altar of an unknown god.
   342 | D:1      | Reached XP level 2. HP: 15/15 MP: 3/5
   451 | D:1      | Quit the game

Illustrated notes

Levels and vault maps discovered:
D:1:      dpeg_arrival_rooms_a, layout_basic,
          hellmonk_ecumenical_altar_leap_of_faith, amcnicky_mini_pool_small,
          minmay_ruptured

Action                   || total
-------------------------++-------
 Cast: Magic Dart        ||    23
Armor: Robe              ||    29
Dodge: Dodged            ||    46
